Description

Build fast.

Replay - Protoss Fastest 143 Supply - 8:30

Build Order

Get SALT Encoding   

  12  0:00  Probe  
  13  0:12  Probe  
  14  0:22  Pylon  
  14  0:24  Probe  
  15  0:40  Probe (Chrono Boost)  
  16  0:52  Probe x2 (Chrono Boost)  
  18  1:07  Probe  
  19  1:16  Nexus  
  19  1:19  Probe  
  19  1:24  Gateway  
  20  1:31  Probe  
  21  1:39  Gateway  
  21  1:52  Gateway  
  21  1:54  Probe  
  22  2:13  Nexus  
  23  2:29  Pylon x2  
  22  2:34  Assimilator x2  
  23  2:50  Forge  
  24  2:53  Pylon  
  27  3:16  Cybernetics Core  
  27  3:25  Photon Cannon  
  33  3:52  Warp Gate (Chrono Boost)  
  36  3:58  Pylon  
  42  4:21  Robotics Facility  
  45  4:32  Assimilator  
  50  4:49  Robotics Facility  
  50  4:52  Gateway  
  51  4:58  Twilight Council  
  51  5:01  Gateway x3  
  52  5:07  Gateway  
  52  5:09  Immortal (Chrono Boost)  
  56  5:17  Assimilator  
  56  5:36  Stalker x3  
  56  5:41  Immortal  
  66  5:47  Immortal  
  73  5:53  Stalker  
  76  6:10  Protoss Ground Weapons Level 1 (Chrono Boost)  
  78  6:12  Stalker x3  
  86  6:24  Stalker  
  90  6:31  Stalker  
  93  6:38  Assimilator x2  
  94  6:50  Charge (Chrono Boost)  
  94  6:57  Gateway x2  
  94  7:00  Immortal  
  98  7:03  Observer  
  99  7:11  Robotics Bay  
  99  7:19  Zealot x5  
  109  7:24  Zealot x2  
  113  7:34  Zealot  
  113  7:36  Immortal x2 (Chrono Boost)  
  115  7:40  Nexus  
  123  7:46  Zealot x2  
  133  7:56  Extended Thermal Lance (Chrono Boost)  
  150  9:11  Stalker  
Spawning Tool Build Advisor. Get it on Overwolf

Analysis

Still learning.

Go to:

Details

  • Created by: AtticusPrime
  • Published on: Aug 14, 2020
  • Modified on: Aug 14, 2020
  • Patch: 4.11.0
  • Difficulty: Medium
Show
View Real Time Build Order
Export as new Build Order

Comments (0)

There are no comments. Be the first!

Create an account to comment!